AoeStats
← tahasnmz

Arabia

506733921Analyzed
1v1 RM · 18d ago on Sep 14, 2026· 34m 47s· 2 players
Game mode
Random Map
Map size
Tiny (2 player)
Population
200
Speed
Normal
Resources
Standard
Victory
Conquest
Starting age
Dark Age
Ending age
Imperial Age
RankedLock teamsTeams togetherTeam positionsShared explorationLock speedFull tech treeHidden civsTurbo modeCheats
Victory
Defeat
🇹🇷 Mongols · Türkiye
1059
+15
🇯🇵 Vietnamese · Japan
1042
-15
game_is_life
6:01 Loom
8:57 Feudal Age
9:28 Double-Bit Axe
14:51 Gold Mining
20:37 Castle Age
18:44 Horse Collar
19:47 Fletching
19:57 Padded Archer Armor
21:39 Bow Saw
21:53 Bodkin Arrow
21:58 Padded Archer Armor
24:51 Thumb Ring
27:35 Bloodlines
30:39 Ballistics
tahasnmz
6:05 Loom
8:22 Feudal Age
8:41 Loom
10:39 Double-Bit Axe
12:42 Horse Collar
13:31 Scale Barding Armor
15:34 Forging
15:24 Gold Mining
18:26 Bloodlines
19:23 Wheelbarrow
24:09 Castle Age
23:03 Bloodlines
24:52 Husbandry
26:24 Chain Barding Armor
26:31 Stone Mining
27:31 Bow Saw
32:19 Heavy Plow
33:17 Fletching
Connection lost

Rejoining the realm…

Still unreachable

The connection could not be restored.

Session expired

The server has moved on; the page needs a fresh start.